 Dungeon Crawl Stone Soup version 0.25-a0-565-g8875c97ebb (webtiles) character file.

Game seed: 17458959076276273545, levelgen mode: classic

51 EnegeticOcto the Covered (level 3, 5/34 HPs)
             Began as a Deep Dwarf Fighter on Feb 26, 2020.
             Quit the game on level 4 of the Dungeon.
             The game lasted 00:00:23 (325 turns).

EnegeticOcto the Covered (Deep Dwarf Fighter)        Turns: 325, Time: 00:00:24

Health: 5/34       AC:  6    Str: 20    XL:     3   Next: 57%
Magic:  0/0        EV:  8    Int:  8    God:
Gold:   50         SH:  9    Dex: 12    Spells: 2/2 levels left

rFire    . . .     SeeInvis .   a - +0 war axe
rCold    . . .     Gourm    .   c - +0 kite shield
rNeg     . . .     Faith    .   b - +0 scale mail
rPois    .         Spirit   .   (no helmet)
rElec    .         Reflect  .   (no cloak)
rCorr    .         Harm     .   (no gloves)
MR       .....                  (no boots)
Stlth    ..........             (no amulet)
HPRegen  0.00/turn              (no ring)
MPRegen  0.07/turn              (no ring)

@: non-regenerating
A: damage resistance, heal wounds, sense surroundings 1, no regeneration
a: Heal Wounds


You were on level 4 of the Dungeon.
You were not hungry.

You visited 1 branch of the dungeon, and saw 4 of its levels.

You collected 50 gold pieces.

Inventory:

Hand Weapons
 a - a +0 war axe (weapon)
Armour
 b - a +0 scale mail (worn)
 c - a +0 kite shield (worn)
Scrolls
 d - a scroll of fog {unknown}
 g - a scroll of remove curse {unknown}
 h - a scroll of teleportation {unknown}
 i - a scroll of identify {unknown}
Potions
 k - a potion of might {@q3}
Comestibles
 e - a ration
 f - 5 chunks of flesh


   Skills:
 * Level 3.2 Fighting
 * Level 3.0 Axes
 + Level 3.5 Armour
 + Level 1.2 Dodging
 + Level 3.5 Shields


You had 2 spell levels left.
You didn't know any spells.
Your spell library was empty.

Dungeon Overview and Level Annotations

Branches:
Dungeon (4/15)
 Temple: D:4-7

Altars:
Gozag

Annotations:
D:4 Grinder


Innate Abilities, Weirdness & Mutations

You are resistant to damage.
You can heal yourself by infusing magical energy.
You passively map a small area around you.
You do not regenerate.


Message History

Some of the chunks of flesh in your inventory have rotted away.
You closely miss the rat. The rat closely misses you.
The rat bites you but does no damage.
You hit the rat.
You kill the rat!
No target in view!
No target in view!
No target in view!
No target in view!
No target in view!
(D) Dungeon
Where to? (Enter - D:3, ? - help)
Things that are here:
a cursed -1 dagger; a +0 scale mail; an orc skeleton Some of the chunks of flesh in your inventory have rotted away.
There is a stone staircase leading down here.
You climb downwards.
You hear the sound of rushing water.
There is an entrance to a sewer on this level.
Hurry and find it before the portal rusts away!
Found six items.
Found a stone staircase leading down.
There is a stone staircase leading up here.
You now have 36 gold pieces (gained 7).
You now have 50 gold pieces (gained 14).
Grinder comes into view.
Grinder shouts!
Grinder is nearby!
Grinder is nearby!
Grinder is nearby!
Grinder gestures at you.
You suddenly lose the ability to move!
You can move again.
Grinder hits you.
You writhe in agony.
You closely miss Grinder. Grinder hits you.
You writhe in agony.
You barely miss Grinder. Grinder hits you.
You writhe in agony.
You are too injured to fight recklessly!
You are too injured to fight recklessly!
You are too injured to fight recklessly!
You are too injured to fight recklessly!
You are too injured to fight recklessly!
You are too injured to fight recklessly!
You are too injured to fight recklessly!
You are too injured to fight recklessly!
You are too injured to fight recklessly!
You are too injured to fight recklessly!
Your magical essence is drained by the effort!
You feel much better.
Grinder blinks!
Your magical essence is drained by the effort!
You feel much better. Grinder gestures at you.
You resist with significant effort.
Grinder grins, showing sharp teeth.
Grinder hits you!
You writhe in agony.
You slash Grinder!
Grinder is moderately wounded.
Grinder hits you but does no damage. Grinder gestures at you.
Pain shoots through your body!
You closely miss Grinder.
Grinder is moderately wounded.
Grinder closely misses you.
Your shield and scale mail prevent you from hitting Grinder.
Grinder is moderately wounded.
Grinder barely misses you. Grinder hits you.
You writhe in agony.
You hit Grinder.
Grinder is moderately wounded.
Grinder hits you but does no damage.
You hit Grinder but do no damage.
Grinder is moderately wounded.
Grinder hits you.
You writhe in agony.
You block Grinder's attack.
You are too injured to fight recklessly!
You are too injured to fight recklessly!
You are too injured to fight recklessly!
You are too injured to fight recklessly!
You are too injured to fight recklessly!
You are too injured to fight recklessly!
You are too injured to fight recklessly!
You don't have enough innate magic capacity.
You don't have enough innate magic capacity.
You are too injured to fight recklessly!
You are too injured to fight recklessly!
You are too injured to fight recklessly!
You are too injured to fight recklessly!
You are too injured to fight recklessly!
You closely miss Grinder.
Grinder is moderately wounded.
You block Grinder's attack.
You closely miss Grinder.
Grinder is moderately wounded.
Grinder gestures at you. Pain shoots through your body! Grinder hits you.
* * * LOW HITPOINT WARNING * * *
You writhe in agony.
* * * LOW HITPOINT WARNING * * *
You hit Grinder.
Grinder is moderately wounded.
You block Grinder's attack.
You hit Grinder.
Grinder is heavily wounded.
Grinder barely misses you. Grinder closely misses you.
Are you sure you want to abandon this character and quit the game? (Confirm with "yes".)

* * , , * * ,
######## .## *
#......# *...##*
#......# *
.....####......#
*#..!...........#
#..#..###..@5..#
* .........######
*#.#..(.......# *
##)...<.[..# *
##.......(# ≈ ≈
#.....(..#
#........# ≈ ≈
#........#
#........#


You could see Grinder.

Vanquished Creatures
  Jessica (D:2)
  A worm (D:2)
  A dart slug (D:3)
  A leopard gecko (D:3)
  An orc (D:3)
  4 bats
  A giant cockroach (D:1)
  2 goblins (D:1)
  A kobold (D:1)
  A ball python (D:2)
  3 frilled lizards
  2 rats
19 creatures vanquished.

Notes
Turn   | Place    | Note
-------+----------+-------------------------------------------
     0 | D:1      | EnegeticOcto the Deep Dwarf Fighter began the quest for the
                  | Orb.
     0 | D:1      | Reached XP level 1. HP: 20/20 MP: 1/1
    64 | D:1      | Reached XP level 2. HP: 21/27 MP: 2/2
   108 | D:2      | Found an opulent altar of Gozag.
   171 | D:2      | Noticed Jessica
   178 | D:2      | Killed Jessica
   178 | D:2      | Reached skill level 1 in Dodging
   178 | D:2      | Reached XP level 3. HP: 34/34 MP: 2/2
   304 | D:4      | Noticed Grinder
   305 | D:4      | Paralysed by Grinder for 4 turns
   325 | D:4      | Quit the game

Levels and vault maps discovered:
D:1:      minmay_arrival_solitary_statue, layout_rooms
D:2:      layout_rooms, nicolae_gozag_cash_rules_everything_around_me,
          nicolae_overflow_hidden_temple, lemuel_round_altar,
          serial_co_window_serial, co_window_of_opportunity_a,
          co_window_corner_a, co_window_cross_1, co_window_of_opportunity_a,
          co_window_corner_a, co_window_of_opportunity_a, co_window_paths_a,
          co_window_broadway_b, co_window_of_opportunity_b,
          co_window_of_opportunity_c, co_window_of_opportunity_b,
          co_window_unsneaky_path_d, glass_columns_b, glass_columns_b,
          first_ration, uniq_crazy_yiuf_cottage, uniq_sigmund, uniq_jessica
D:3:      layout_loops_ring, overflow_temple_1_default, uniq_natasha
D:4:      layout_rooms, gup_sewer_entry_bubbles, uniq_pikel, uniq_grinder

Skill      XL: |  1  2  3 |
---------------+----------+-----
Fighting       | 3 |  3.2
Dodging        | 1 |  1.2
Axes           | 3 |  3.0
Armour         | |  3.5
Shields        | |  3.5

Action                   || total
-------------------------++-------
Melee: War axe           ||    64
 Abil: Heal Wounds       ||     3
Armor: Scale mail        ||    20
Dodge: Dodged            ||    17
Block: Kite shield       ||    37

Table legend:
 A = Non-vault XP
 B = Vault XP
 C = Vault XP percentage of total XP
 D = Non-vault monster count
 E = Vault monster count
 F = Vault count percentage of total count
                 A         B        C        D         E       F
            +---------+---------+-------+---------+---------+-------
      Total |      36 |      37 |  50.7 |      18 |       1 |   5.3
            +---------+---------+-------+---------+---------+-------
        D:1 |      13 |       0 |   0.0 |       8 |       0 |   0.0
        D:2 |      10 |      37 |  78.7 |       4 |       1 |  20.0
        D:3 |      13 |       0 |   0.0 |       6 |       0 |   0.0
            +---------+---------+-------+---------+---------+-------
